Map: Simulacrum LE

Players

Awers - Winner!

  • Race: Terran Terran
  • League: Grandmaster
  • Spawn Location: 11:00

TAS

  • Race: Protoss Protoss
  • League: Diamond
  • Spawn Location: 5:00

VOD

Have the link to the VOD?

Description

Time

  • Played on: May 3, 2020, 9:36 p.m.
  • Length: 11:30
Show
View Real Time Build Order
Export as new Build Order

Awers Terran - Winner!

Build Orders: Mech 

Get SALT Encoding   

  12  0:01  SCV  
  13  0:13  SCV  
  14  0:17  Supply Depot  
  14  0:25  SCV  
  15  0:38  SCV  
  15  0:39  Barracks  
  16  0:44  Refinery  
  16  0:50  SCV  
  17  1:03  SCV  
  18  1:15  SCV  
  19  1:29  Orbital Command  
  19  1:31  Barracks Reactor  
  19  1:42  Command Center  
  19  1:49  Supply Depot  
  19  1:54  SCV  
  20  2:06  SCV  
  20  2:07  Marine x2  
  23  2:13  Factory  
  23  2:18  SCV  
  23  2:21  Refinery  
  24  2:25  Marine x2  
  26  2:32  SCV  
  27  2:44  SCV, Marine  
  27  2:45  Marine  
  30  2:57  SCV  
  30  2:58  Starport, Factory Tech Lab  
  31  3:03  Orbital Command  
  31  3:09  SCV  
  32  3:17  Siege Tank  
  35  3:21  SCV, Refinery  
  36  3:29  SCV  
  36  3:33  SCV  
  38  3:35  Viking  
  38  3:41  SCV  
  41  3:43  Bunker  
  41  3:44  Supply Depot  
  41  3:46  SCV  
  42  3:50  Siege Tank  
  42  3:53  SCV  
  46  4:04  Supply Depot  
  46  4:05  SCV, Marine x2, Starport Tech Lab  
  46  4:07  SCV  
  50  4:17  SCV  
  50  4:19  SCV  
  50  4:23  Raven  
  54  4:29  SCV, Marine x2  
  57  4:31  SCV  
  57  4:32  Supply Depot, Siege Tank  
  61  4:42  SCV  
  62  4:50  Command Center  
  62  4:53  SCV  
  62  4:55  Supply Depot  
  62  4:57  Factory  
  62  4:59  SCV  
  64  5:01  Refinery  
  64  5:05  SCV  
  65  5:11  SCV  
  65  5:12  Factory  
  66  5:17  SCV, Siege Tank  
  70  5:23  SCV  
  70  5:26  Factory  
  71  5:29  Barracks Reactor, SCV  
  71  5:35  SCV  
  73  5:42  SCV, Supply Depot x2  
  74  5:43  Widow Mine  
  74  5:44  Widow Mine  
  78  5:56  Starport Reactor  
  78  6:01  SCV x2, Siege Tank x2  
  86  6:13  SCV x2  
  86  6:15  Infernal Pre-Igniter  
  86  6:17  Hellion  
  86  6:18  Hellion  
  91  6:21  Hellion x2  
  95  6:25  SCV  
  95  6:26  SCV  
  97  6:32  Refinery  
  97  6:33  Refinery  
  97  6:34  Orbital Command  
  97  6:37  SCV  
  97  6:38  SCV  
  99  6:41  Engineering Bay  
  99  6:42  Siege Tank  
  99  6:44  Supply Depot, Siege Tank  
  103  6:50  SCV  
  103  6:53  SCV  
  105  6:59  Supply Depot x2  
  106  7:01  SCV, Supply Depot  
  106  7:02  SCV  
  106  7:04  Hellion  
  106  7:05  SCV, Hellion x2  
  114  7:09  Sensor Tower  
  114  7:11  Missile Turret  
  114  7:13  SCV  
  115  7:18  Factory  
  115  7:22  SCV  
  114  7:25  Siege Tank x2  
  114  7:27  SCV x2  
  122  7:34  SCV  
  122  7:35  Armory  
  122  7:36  Armory  
  123  7:39  SCV x2  
  123  7:42  Liberator  
  131  7:46  Viking  
  130  7:51  Hellion  
  130  7:52  Hellion x3  
  130  7:53  SCV  
  139  7:59  Supply Depot  
  139  8:01  Supply Depot  
  139  8:13  Factory Tech Lab  
  139  8:22  Thor x2  
  139  8:23  Hellion x2  
  139  8:24  Terran Vehicle Weapons Level 1, Hellion, Terran Vehicle And Ship Armor Level 1  
  139  8:27  Supply Depot  
  157  8:33  Supply Depot  
  157  8:35  Supply Depot  
  157  8:41  Thor  
  163  8:53  Command Center  
  163  9:01  Hellion x2  
  163  9:02  Hellion  
  169  9:09  Thor x2  
  172  9:13  Supply Depot  
  172  9:14  Supply Depot  
  178  9:21  Hellion  
  172  9:33  Thor  
  172  9:34  Hellion x3  
  172  9:38  Viking x2  
  188  9:45  Hellion  
  190  9:56  Siege Tank x2  
  190  9:57  Factory  
  190  9:58  Factory  
  196  10:02  Supply Depot  
  196  10:04  Supply Depot  
  191  10:22  Refinery x2  
  191  10:23  Siege Tank  
  191  10:24  Command Center  
  194  10:29  Factory  
  194  10:31  Factory  
  194  10:38  Planetary Fortress  
  194  10:41  Missile Turret  
  192  10:52  Hellion  
  200  11:02  Hellion x3  
  179  11:18  Factory Tech Lab x2  
Show
View Real Time Build Order
Export as new Build Order

TAS Protoss 

Build Orders: 1 Gate Expand 

Get SALT Encoding   

  12  0:01  Probe  
  13  0:13  Probe  
  14  0:18  Pylon  
  14  0:25  Probe (Chrono Boost)  
  15  0:37  Probe (Chrono Boost)  
  15  0:38  Gateway  
  16  0:45  Probe (Chrono Boost)  
  16  0:46  Assimilator  
  17  0:51  Probe (Chrono Boost)  
  18  1:03  Probe (Chrono Boost)  
  19  1:12  Probe (Chrono Boost)  
  19  1:18  Probe  
  21  1:30  Nexus  
  21  1:39  Cybernetics Core  
  21  1:41  Probe  
  21  1:46  Assimilator  
  22  1:54  Probe  
  23  2:03  Pylon  
  23  2:15  Warp Gate  
  23  2:18  Stalker (Chrono Boost)  
  23  2:21  Probe  
  26  2:24  Robotics Facility  
  26  2:33  Probe  
  26  2:36  Forge  
  27  2:42  Stalker  
  28  2:45  Probe  
  28  2:48  Probe  
  30  2:57  Probe  
  31  3:00  Probe  
  31  3:03  Protoss Ground Weapons Level 1 (Chrono Boost)  
  32  3:09  Probe  
  32  3:12  Probe, Observer  
  35  3:14  Stalker  
  37  3:23  Probe  
  37  3:24  Probe  
  39  3:35  Probe  
  39  3:36  Probe, Observer  
  39  3:39  Pylon  
  42  3:42  Assimilator  
  42  3:44  Assimilator  
  42  3:48  Probe  
  43  3:49  Probe  
  43  3:55  Gateway  
  44  3:56  Gateway  
  44  3:58  Observer (Chrono Boost)  
  45  4:07  Sentry  
  45  4:08  Probe x2  
  49  4:18  Immortal (Chrono Boost)  
  49  4:21  Probe  
  54  4:27  Pylon  
  54  4:28  Pylon  
  54  4:45  Probe x2  
  54  4:46  Nexus  
  54  4:48  Immortal (Chrono Boost)  
  60  4:53  Sentry  
  60  4:55  Zealot  
  60  4:58  Probe x2  
  60  4:59  Zealot  
  68  5:05  Protoss Ground Armor Level 1 (Chrono Boost)  
  68  5:07  Pylon  
  68  5:10  Probe x2  
  68  5:12  Pylon  
  70  5:27  Immortal (Chrono Boost)  
  70  5:30  Sentry  
  70  5:32  Zealot  
  70  5:33  Stalker  
  79  5:41  Probe x2  
  81  5:49  Gateway  
  81  5:51  Gateway  
  81  5:53  Probe x2, Pylon  
  81  5:55  Pylon  
  83  6:00  Warp Prism (Chrono Boost)  
  85  6:13  Probe x3  
  88  6:25  Probe x3  
  91  6:26  Pylon  
  91  6:27  Pylon  
  91  6:30  Stalker  
  91  6:31  Stalker, Sentry  
  97  6:39  Pylon  
  97  6:41  Pylon  
  97  6:48  Stalker x2  
  101  6:59  Zealot  
  101  7:00  Zealot x2  
  107  7:08  Twilight Council, Probe x3  
  108  7:09  Gateway  
  108  7:11  Gateway  
  110  7:20  Probe x2  
  112  7:37  Gateway  
  112  7:39  Gateway  
  112  7:47  Protoss Ground Weapons Level 2 (Chrono Boost)  
  112  7:53  Charge (Chrono Boost)  
  112  7:55  Pylon  
  112  7:57  Pylon  
  112  8:00  Pylon  
  112  8:04  Assimilator  
  112  8:07  Templar Archives  
  112  8:08  Assimilator  
  110  8:18  Nexus  
  110  8:21  Pylon, Assimilator  
  110  8:22  Assimilator  
  110  8:24  Probe x2  
  110  8:25  Probe  
  113  8:30  Pylon  
  113  8:36  Probe x2  
  113  8:37  Probe  
  116  8:47  Pylon  
  116  8:48  Probe, Pylon  
  116  8:49  Probe x2  
  116  8:51  Pylon  
  116  8:54  Psionic Storm  
  116  8:55  Forge  
  119  8:58  Gateway  
  119  9:01  Probe  
  108  9:03  Stalker  
  108  9:04  Stalker x4  
  107  9:12  Stalker x2  
  107  9:13  Stalker x2  
  114  9:19  Blink  
  113  9:35  High Templar x4  
  113  9:36  High Templar x2  
  125  9:39  Zealot x3  
  125  9:41  Archon x2  
  125  9:42  Archon  
  131  9:52  Shield Battery  
  131  9:54  Photon Cannon  
  131  9:56  Photon Cannon  
  131  9:58  Gateway  
  131  9:59  Gateway  
  131  10:04  Gateway  
  131  10:06  Gateway  
  125  10:19  Pylon  
  125  10:20  Probe x2 (Chrono Boost)  
  125  10:21  Probe x2 (Chrono Boost)  
  129  10:31  Probe (Chrono Boost)  
  129  10:32  Probe x3 (Chrono Boost)  
  133  10:36  Probe (Chrono Boost)  
  133  10:39  Probe  
  133  10:54  High Templar x2  
  133  10:55  Zealot x2  
  133  10:56  Zealot x2  
  145  11:00  Archon  
Tags
 
Composition
Mech
Matchup
PvT
Player
Awers
Spawn Locations
Cross Positions
Add a new tag
Caveats
  • Supply blocks, unpowered buildings, or Contaminate may cause inaccurate times.
  • Supply counts are checked every 10 seconds.